 Dungeon Crawl Stone Soup version 0.27.1-2-g3b301248ec (webtiles) character file.

Game seed: 12663796668687091920

1297 MisterFreud the Shield-Bearer (level 8, 0/67 HPs)
             Began as a Gnoll Fighter on Sept 27, 2021.
             Was a Priest of Qazlal.
             Succumbed to a hornet's poison
             ... on level 4 of the Dungeon.
             The game lasted 00:06:39 (4858 turns).

MisterFreud the Shield-Bearer (Gnoll Fighter)       Turns: 4858, Time: 00:06:39

Health: 0/67       AC: 13    Str: 15    XL:     8   Next: 56%
Magic:  8/13       EV: 10    Int:  8    God:    Qazlal [***...]
Gold:   91         SH: 14    Dex: 12    Spells: 13/13 levels left

rFire    + . .     SeeInvis .   a - +0 rapier
rCold    . . .     Faith    .   c - +0 kite shield
rNeg     . . .     Spirit   .   p - +3 ring mail {rF+}
rPois    .         Reflect  .   r - +0 helmet
rElec    .         Harm     .   (no cloak)
rCorr    .         Rampage  .   (no gloves)
Will     .....                  (no boots)
Stlth    +.........             (no amulet)
HPRegen  0.21/turn              (no ring)
MPRegen  0.13/turn              (no ring)

@: lethally poisoned (0 -> -1), silenced, on berserk cooldown, hasted and slowed
A: fangs 1, strong nose, distributed training, iridescent scales 1, dopey 1
a: Renounce Religion


You were on level 4 of the Dungeon.
You worshipped Qazlal.
Qazlal was most pleased with you.
You visited 1 branch of the dungeon, and saw 4 of its levels.

You collected 149 gold pieces.
You spent 58 gold pieces at shops.

Inventory:

Hand Weapons
 a - a +0 rapier (weapon)
Missiles
 n - 18 poisoned darts (quivered)
Armour
 b - a +0 scale mail
 c - a +0 kite shield (worn)
 p - a +3 ring mail of fire resistance (worn)
 r - a +0 helmet (worn)
Scrolls
 e - 3 scrolls of identify
 g - a scroll of enchant weapon {unknown}
 j - a scroll of enchant armour {unknown}
 k - a scroll of fear {unknown}
 l - a scroll of fog {unknown}
 m - a scroll of teleportation {unknown}
Potions
 d - 2 potions of might
 q - a potion of haste


   Skills:
 + Level 7.4 Fighting
 + Level 5.7 Short Blades
 + Level 3.3 Long Blades
 + Level 3.3 Axes
 + Level 3.3 Maces & Flails
 + Level 3.3 Polearms
 + Level 3.3 Staves
 + Level 3.3 Slings
 + Level 3.3 Bows
 + Level 3.3 Crossbows
 + Level 3.3 Throwing
 + Level 7.4 Armour
 + Level 3.3 Dodging
 + Level 3.3 Stealth
 + Level 7.4 Shields
 + Level 3.3 Unarmed Combat
 + Level 3.3 Spellcasting
 + Level 2.7 Conjurations
 + Level 2.7 Hexes
 + Level 2.7 Summonings
 + Level 2.7 Necromancy
 + Level 2.7 Translocations
 + Level 2.7 Transmutations
 + Level 2.7 Fire Magic
 + Level 2.7 Ice Magic
 + Level 2.7 Air Magic
 + Level 2.7 Earth Magic
 + Level 2.7 Poison Magic
 + Level 3.7 Invocations
 + Level 3.3 Evocations


You had 13 spell levels left.
You didn't know any spells.
Your spell library contained the following spells:

 Spells                   Type           Power      Damage    Failure   Level
 Shock                    Conj/Air       20%        1d4       43%         1
 Static Discharge         Conj/Air       5%         N/A       56%         2
 Dazzling Flash           Conj/Hex       10%        N/A       80%         3
 Portal Projectile        Hex/Tloc       10%        N/A       80%         3
 Swiftness                Air            5%         N/A       80%         3
 Airstrike                Air            2%         N/A       99%         4
 Animate Armour           Summ/Erth      10%        N/A       99%         4
 Hailstorm                Conj/Ice       5%         3d4       99%         4
 Petrify                  Tmut/Erth      5%         N/A       99%         4
 Blade Hands              Tmut           2%         N/A       100%        5
 Excruciating Wounds      Necr           2%         N/A       100%        5
 Lightning Bolt           Conj/Air       2%         1d14      100%        5
 Maxwell's Capacitive Co  Air            2%         ∞         100%        8


Dungeon Overview and Level Annotations

Branches:
Dungeon (4/15)
 Temple: D:4-7

Altars:
Elyvilon
Qazlal

Shops:
D:1 =   D:2 *


Innate Abilities, Weirdness & Mutations

You have very sharp teeth.
Your uncanny sense of smell can sniff out nearby items.
Your experience applies equally to all skills.
You are partially covered in iridescent scales. (AC +2)
You are dopey. (Int -2)


Message History

You feel yourself speed up.
* * * LOW HITPOINT WARNING * * *
You feel sick. You block the ufetubus's attack.
The ufetubus hits you but does no damage.
The ufetubus closely misses you. You block the ufetubus's attack.
You feel a strong urge to attack something.
You feel sick.
You feel your anger nearly subside.
You feel sick.
You puncture the ufetubus!
You kill the ufetubus!
Qazlal accepts your kill.
You are no longer berserk.
You are exhausted.
You feel yourself slow down.
* * * LOW HITPOINT WARNING * * *
You feel sick.
Unknown command.
Unknown command.
Unknown command.
Unknown command.
Okay, then.
Okay, then.
Unknown command.
Unknown command.
Okay, then.
Unknown command.
As you read the scroll labelled FEASEC LIAQA, it crumbles to dust.
It is a scroll of amnesia.
You feel forgetful for a moment.
* * * LOW HITPOINT WARNING * * *
You feel sick.
Unknown command.
Unknown command.
You aren't carrying any items that you can evoke.
Unknown command.
Unknown command.
As you read the scroll labelled ROXKAWKO PYSI, it crumbles to dust.
A profound silence engulfs you.
It was a scroll of silence.
You die...

#)##........# #########
#.##.#.####.# ##.....^.#
#.##.#.# #.#####..>..##.#
#..)...# #...)....##.# #
####.### ########.##.#
####.### #.##.# #
#......### #.##.##.#
#.##.....# #######.......#
##.##.#.#.###..o@.####.####
....#..[....#K....# #.#
..........w.o)....# ##.##
..........#.#.....# #...##
####........#.....# #....#
#.#.g##..####### #....#
#..g....y# ####.#
####..####.#############.#
.....o5)...###...........#


You could see a worm, 2 orcs and a kobold.

Vanquished Creatures
  Pikel (D:4)
  Edmund (D:4)
  A necrophage (D:3)
  A centaur (D:3)
  2 lemures (D:3)
  A scorpion (D:4)
  A killer bee (D:4)
  A hound (D:4)
  Natasha (thrice) (D:3)
  Terence (D:3)
  A hound skeleton (D:4)
  Robin (D:4)
  5 adders
  An ufetubus (D:4)
  4 worms
  3 dart slugs
  8 orcs
  3 bats
  5 endoplasms
  4 giant cockroaches
  15 goblins
  9 hobgoblins
  3 jackals (D:3)
  2 quokkas
  10 ball pythons
  5 frilled lizards
  15 kobolds
  4 rats
111 creatures vanquished.

Vanquished Creatures (collateral kills)
  A hornet (D:4)
1 creature vanquished.

Vanquished Creatures (others)
  3 plants (D:3)
3 creatures vanquished.

Grand Total: 115 creatures vanquished

Notes
Turn   | Place    | Note
-------+----------+-------------------------------------------
     0 | D:1      | MisterFreud the Gnoll Fighter began the quest for the Orb.
     0 | D:1      | Reached XP level 1. HP: 23/23 MP: 1/1
   202 | D:1      | Reached XP level 2. HP: 18/29 MP: 2/2
   513 | D:1      | Got the Almanac of the Tarantula
   647 | D:1      | Reached XP level 3. HP: 35/35 MP: 3/3
   662 | D:1      | Found Gaarphia's Jewellery Emporium.
   690 | D:1      | Found a faded altar of an unknown god.
   969 | D:1      | Became a worshipper of Qazlal Stormbringer
   969 | D:1      | Reached * piety under Qazlal
  1557 | D:2      | Reached skill level 1 in Invocations
  1724 | D:2      | Found Bifuefat's Assorted Antiques.
  1731 | D:2      | Bought a scroll labelled POLUOS XE BILU for 29 gold pieces
  1731 | D:2      | Bought a scroll labelled DYNANT RUOCI for 29 gold pieces
  1883 | D:2      | Reached skill level 1 in Long Blades
  1883 | D:2      | Reached skill level 1 in Axes
  1883 | D:2      | Reached skill level 1 in Maces & Flails
  1883 | D:2      | Reached skill level 1 in Polearms
  1883 | D:2      | Reached skill level 1 in Staves
  1883 | D:2      | Reached skill level 1 in Slings
  1883 | D:2      | Reached skill level 1 in Bows
  1883 | D:2      | Reached skill level 1 in Crossbows
  1883 | D:2      | Reached skill level 1 in Throwing
  1883 | D:2      | Reached skill level 1 in Dodging
  1883 | D:2      | Reached skill level 1 in Stealth
  1883 | D:2      | Reached skill level 1 in Unarmed Combat
  1883 | D:2      | Reached skill level 1 in Spellcasting
  1883 | D:2      | Reached skill level 1 in Evocations
  1883 | D:2      | Reached XP level 4. HP: 41/41 MP: 5/5
  2184 | D:3      | Reached ** piety under Qazlal
  2362 | D:3      | Noticed a centaur
  2388 | D:3      | Killed a centaur
  2389 | D:3      | Reached skill level 1 in Conjurations
  2389 | D:3      | Reached skill level 1 in Hexes
  2389 | D:3      | Reached skill level 1 in Summonings
  2389 | D:3      | Reached skill level 1 in Necromancy
  2389 | D:3      | Reached skill level 1 in Translocations
  2389 | D:3      | Reached skill level 1 in Transmutations
  2389 | D:3      | Reached skill level 1 in Fire Magic
  2389 | D:3      | Reached skill level 1 in Ice Magic
  2389 | D:3      | Reached skill level 1 in Air Magic
  2389 | D:3      | Reached skill level 1 in Earth Magic
  2389 | D:3      | Reached skill level 1 in Poison Magic
  2389 | D:3      | Reached XP level 5. HP: 35/47 MP: 5/7
  2484 | D:3      | Found a white marble altar of Elyvilon.
  2772 | D:3      | Noticed Natasha
  2777 | D:3      | Killed Natasha
  2862 | D:3      | Noticed Terence
  2882 | D:3      | Killed Terence
  3101 | D:3      | Noticed Natasha
  3109 | D:3      | Killed Natasha
  3110 | D:3      | Reached XP level 6. HP: 53/53 MP: 8/8
  3295 | D:3      | Noticed Natasha
  3310 | D:3      | Killed Natasha
  3586 | D:4      | Noticed a necrophage
  3592 | D:4      | Reached skill level 5 in Short Blades
  3637 | D:3      | Killed a necrophage
  3880 | D:4      | Noticed Pikel
  3913 | D:4      | Killed Pikel
  3914 | D:4      | Reached XP level 7. HP: 8/60 MP: 9/11
  4225 | D:4      | Noticed Robin
  4255 | D:4      | Killed Robin
  4256 | D:4      | Reached XP level 8. HP: 65/67 MP: 12/12
  4393 | D:4      | Reached *** piety under Qazlal
  4740 | D:4      | Noticed Edmund
  4771 | D:4      | Noticed a hornet
  4826 | D:4      | Killed Edmund
  4849 | D:4      | Killed a hornet
  4851 | D:4      | Gained mutation: You are dopey. (Int -2) [potion of
                  | mutation]
  4851 | D:4      | Gained mutation: You are partially covered in iridescent
                  | scales. (AC +2) [potion of mutation]
  4853 | D:4      | HP: 5/100 [poisoned by a hornet]
  4856 | D:4      | HP: 2/67 [poisoned by a hornet]
  4858 | D:4      | Succumbed to a hornet's poison

Illustrated notes

Levels and vault maps discovered:
D:1:      minmay_arrival_stone_box, layout_loops_ring,
          shapermc_ecumenical_altar_petra, serial_shops, nicolae_shop_trees,
          nrook_mini_vaults, minivault_5, minivault_5, minmay_vboxes
D:2:      layout_basic, serial_shops, shop, hangedman_decor_clover_reticule
D:3:      layout_basic, mainiacjoe_overflow_brackets, chequers_big_river,
          uniq_terence, uniq_natasha
D:4:      minmay_clustersquares, layout_loops_cross, grunt_ministairs_7,
          minmay_manual_mail, uniq_robin, uniq_edmund, uniq_pikel

Skill      XL: |  1  2  3  4  5  6  7  8 |
---------------+-------------------------+-----
Invocations    | 1 2 3 |  3.7
Long Blades    | 1 2 3 |  3.3
Axes           | 1 2 3 |  3.3
Maces & Flails | 1 2 3 |  3.3
Polearms       | 1 2 3 |  3.3
Staves         | 1 2 3 |  3.3
Slings         | 1 2 3 |  3.3
Bows           | 1 2 3 |  3.3
Crossbows      | 1 2 3 |  3.3
Throwing       | 1 2 3 |  3.3
Dodging        | 1 2 3 |  3.3
Stealth        | 1 2 3 |  3.3
Unarmed Combat | 1 2 3 |  3.3
Spellcasting   | 1 2 3 |  3.3
Evocations     | 1 2 3 |  3.3
Conjurations   | 1 2 |  2.7
Hexes          | 1 2 |  2.7
Summonings     | 1 2 |  2.7
Necromancy     | 1 2 |  2.7
Translocations | 1 2 |  2.7
Transmutations | 1 2 |  2.7
Fire Magic     | 1 2 |  2.7
Ice Magic      | 1 2 |  2.7
Air Magic      | 1 2 |  2.7
Earth Magic    | 1 2 |  2.7
Poison Magic   | 1 2 |  2.7
Short Blades   | 5 |  5.7
Fighting       | 7 |  7.4
Armour         | 7 |  7.4
Shields        | 7 |  7.4

Action                   |  1- 3 |  4- 6 |  7- 9 || total
-------------------------+-------+-------+-------++-------
Melee: Rapier            |   147 |   195 |   179 ||   521
       Bite              |     5 |    17 |    15 ||    37
Invok: Elemental Force   |       |       |     1 ||     1
  Use: Potion            |       |     1 |     3 ||     4
       Scroll            |       |     1 |     2 ||     3
Armor: Scale mail        |    54 |    49 |       ||   103
       Ring mail         |       |    48 |    52 ||   100
Dodge: Dodged            |    30 |    62 |    52 ||   144
Block: Kite shield       |    87 |   145 |   134 ||   366
